 Dungeon Crawl Stone Soup version 0.29.1-12-g30fa7ad0bf (webtiles) character file.

Game seed: 3255146792770794447

35260 Lutefisk the Zephyrmancer (level 13, -2/73 HPs)
             Began as a Tengu Air Elementalist on Dec 17, 2022.
             Was a High Priest of Hepliaklqana.
             Slain by an eight-headed hydra (15 damage)
             ... on level 1 of the Lair of Beasts on Dec 18, 2022.
             The game lasted 01:03:28 (7292 turns).

Lutefisk the Zephyrmancer (Tengu Air Elementalist)  Turns: 7292, Time: 01:03:29

Health: -2/73      AC:  5    Str:  8    XL:     13   Next: 82%
Magic:  27/27      EV: 25    Int: 19    God:    Hepliaklqana [*****.]
Gold:   856        SH:  0    Dex: 17    Spells: 21/31 levels left

rFire   . . .      SeeInvis .   g - +7 spear
rCold   . . .      Faith    .   (no shield)
rNeg    . . .      Spirit   .   P - +2 robe {Archmagi}
rPois   .          Reflect  .   Q - +1 hat
rElec   .          Harm     .   (no cloak)
rCorr   .          Rampage  .   (no gloves)
Will    .....      Archmagi +   (boots unavailable)
Stlth   ++........              f - amulet of magic regeneration
HPRegen 0.22/turn               O - +4 ring of evasion
MPRegen 0.60/turn               (no ring)

@: flying quickly and evasively, quick
A: reduced essence, beak, talons 3, nimble flight
a: Renounce Religion, Recall Ancestor, Ancestor Identity, Transference, Idealise


You were on level 1 of the Lair of Beasts.
You worshipped Hepliaklqana.
Hepliaklqana was extremely pleased with you.
You visited 2 branches of the dungeon, and saw 16 of its levels.
You also visited: Bailey.

You collected 856 gold pieces.

Inventory:

Hand Weapons
 a - a +4 scimitar of flaming
 g - a +7 spear (weapon)
 r - a +1 vampiric falchion
Missiles
 S - 5 curare-tipped darts (quivered)
Armour
 h - a +3 ring mail
 l - a +0 tower shield
 y - a scarf of shadows
 C - a +2 hat
 L - +0 acid dragon scales
 P - a +2 robe of the Archmagi (worn)
 Q - a +1 hat (worn)
Magical Staves
 p - a staff of cold
Jewellery
 f - an amulet of magic regeneration (around neck)
 K - a ring of ice
 O - a +4 ring of evasion (left hand)
Wands
 A - a wand of mindburst (5)
 N - a wand of flame (12)
 R - a wand of iceblast (10)
 W - a wand of polymorph (4)
Scrolls
 d - a scroll of fog {unknown}
 i - 7 scrolls of amnesia
 j - 3 scrolls of poison {unknown}
 k - 7 scrolls of enchant weapon
 n - 3 scrolls of summoning
 o - 3 scrolls of noise {unknown}
 u - a scroll of magic mapping {unknown}
 v - 2 scrolls of immolation {unknown}
 x - a scroll of teleportation
 z - a scroll of vulnerability {unknown}
 B - a scroll of acquirement {unknown}
 D - a scroll of torment {unknown}
 J - 3 scrolls of enchant armour
 Y - a scroll of brand weapon {unknown}
Potions
 b - 5 potions of magic
 e - 3 potions of might
 m - 2 potions of degeneration {unknown}
 q - a potion of attraction {unknown}
 s - 4 potions of heal wounds {unknown}
 t - 4 potions of brilliance
 w - a potion of flight {unknown}
 E - a potion of cancellation {unknown}
 F - 2 potions of resistance
 G - 2 potions of haste {unknown}
 H - 4 potions of mutation
 I - a potion of invisibility {unknown}
 M - 3 potions of lignification {unknown}
 T - a potion of ambrosia {unknown}
 U - a potion of berserk rage {unknown}
 X - a potion of curing
Miscellaneous
 c - a lightning rod (4/4)
 V - a box of beasts
 Z - a tin of tremorstones (2/2)


   Skills:
 - Level 10.0 Fighting
 - Level 1.0 Throwing
 - Level 10.0 Armour
 - Level 10.0 Dodging
 - Level 2.0 Stealth
 - Level 4.0 Shields
 * Level 9.8 Spellcasting
 - Level 4.0 Conjurations
 * Level 13.2 Air Magic
 - Level 5.0 Invocations
 - Level 6.0 Evocations


You had 21 spell levels left.
You knew the following spells:

 Your Spells              Type           Power      Damage    Failure   Level
a - Shock                 Conj/Air       100%       1d9       1%          1
b - Static Discharge      Conj/Air       58%        3-11/arc  1%          2
c - Swiftness             Air            74%        N/A       1%          3
d - Airstrike             Air            37%        2d(6-22)  1%          4

Your spell library contained the following spells:

 Spells                   Type           Power      Damage    Failure   Level
 Poisonous Vapours        Pois/Air       100%       N/A       1%          2
 Foxfire                  Conj/Fire      100%       2x1d9     3%          1
 Necrotise                Necr           56%        1d6       8%          1
 Conjure Flame            Conj/Fire      25%        6-21      10%         3
 Dazzling Flash           Conj/Hex       50%        N/A       10%         3
 Corpse Rot               Necr/Pois/Air  39%        N/A       12%         4
 Ignite Poison            Fire/Tmut/Pois 14%        N/A       22%         3
 Inner Flame              Hex/Fire       14%        N/A       22%         3
 Vampiric Draining        Necr           14%        2d7       22%         3
 Flame Wave               Conj/Fire      25%        2d8       32%         4
 Iskenderun's Mystic Bla  Conj/Tloc      25%        2d7       32%         4
 Sticky Flame             Conj/Fire      25%        2d5       32%         4
 Conjure Ball Lightning   Conj/Air       29%        3x3d8     32%         6
 Iskenderun's Battlesphe  Conj           36%        2d9       38%         5
 Animate Dead             Necr           14%        N/A       58%         4
 Summon Ice Beast         Ice/Summ       14%        N/A       58%         4
 Fireball                 Conj/Fire      12%        3d7       67%         5
 Agony                    Necr           14%        N/A       91%         5
 Borgnjor's Vile Clutch   Necr/Erth      7%         N/A       91%         5
 Summon Mana Viper        Hex/Summ       14%        N/A       91%         5
 Starburst                Conj/Fire      12%        6d5       99%         6
 Death Channel            Necr           7%         N/A       100%        6
 Monstrous Menagerie      Summ           7%         N/A       100%        7
 Orb of Destruction       Conj           18%        9d8       100%        7


Dungeon Overview and Level Annotations

Branches:
Dungeon (11/15)            Temple (0/1) D:7            Lair (5/5) D:11
 Spider (0/4) Lair:3        Slime (0/5) Lair:4       Bailey (visited)
  Swamp: Lair:2-3    Shoals: Lair:2-3       Orc: D:9-12

Altars:
Ashenzari
Cheibriados
Gozag
Hepliaklqana
Kikubaaqudgha
Okawaru
Ru
Sif Muna
Uskayaw
The Shining One
Jiyva

Shops:
D:1 (   D:11 [


Innate Abilities, Weirdness & Mutations

Your life essence is reduced to manifest your ancestor. (-10% HP)
You have a beak for a mouth.
You have claws for feet.
Your magical nature lets you fly swiftly and evasively.


Message History

The rime drake breathes ice at you. The flash freeze hits you!
* * * LOW HITPOINT WARNING * * *
You are encased in ice.
Casting: Airstrike (safe; 1% risk of failure)
Confirm with . or Enter, or press ? or * to list all spells.
Aiming: Airstrike (safe; 1% risk of failure)
Press: ? - help, Dir - move target, f/p - rime drake
Aim: a rime drake (heavily wounded, catching its breath, ally target, empty space bonus: 8/8)
You feel a surge of power!
The air twists around and strikes the rime drake!!
You kill the rime drake!
Found a stone staircase leading up.
The ice encasing you melts away.
Found a forked wooden wand.
Found a ring of ice.
There is a stone staircase leading up here.
You start resting.
Ancestor HP restored.
You start resting.
You feel your health improve.
You fly upwards.
There is a stone staircase leading down here.
There is a stone staircase leading up here.
You fly upwards.
There is a stone staircase leading down here.
Zoran is recalled.
Magic restored.
There is a stone staircase leading up here.
You fly upwards.
The cane toad barely misses you. The eight-headed hydra bites you.
* * * LOW HITPOINT WARNING * * *
The eight-headed hydra completely misses you.
The eight-headed hydra closely misses you.
The eight-headed hydra misses you.
The eight-headed hydra closely misses you.
The eight-headed hydra misses you.
The eight-headed hydra closely misses you.
The eight-headed hydra bites you!
You die...

≈≈~≈≈≈≈.# #........#
~~~.~≈.## #........#
~≈.<.~.# #........#
.....†## ##........#
.....#.# #P........#
.....# # ##........#
.....########........#
..............÷......#
................@R...#
......##.#######DF...#
.....### P.....#
##......# #.....##
#.....# #.....#
#.....#


You could see the friendly Zoran the battlemage, an eight-headed hydra and a
cane toad.

Vanquished Creatures
  A hydra (Lair:5)
  Erica (D:10)
  A death yak (Lair:3)
  Sonja (Lair:1)
  An orc knight (Bailey)
  A wizard (D:11)
  3 black mambas
  4 elephants
  8 cane toads
  2 smoke demons (Lair:5)
  4 rime drakes
  4 komodo dragons
  A troll (D:9)
  A polar bear (Lair:5)
  12 blink frogs
  Grinder (D:6)
  2 culicivoras (Lair:3)
  A shadow (D:10)
  A wyvern (D:9)
  5 basilisks
  11 yaks
  A steam dragon (D:6)
  2 acid dragons
  5 water moccasins
  8 orc warriors
  A black bear (Lair:4)
  8 wolves
  An ogre (D:6)
  A centaur (D:9)
  6 bullfrogs
  A gnoll sergeant (D:8)
  A scorpion (D:5)
  5 wights
  A small abomination (Lair:5)
  4 killer bees
  2 electric eels
  6 howler monkeys
  5 orc priests
  A hound (D:5)
  A jelly (D:4)
  An iguana (D:6)
  9 orc wizards
  9 adders
  10 gnolls
  A shadow imp (D:7)
  A white imp (D:7)
  An ufetubus (D:5)
  A worm (D:3)
  A dart slug (D:1)
  37 orcs
  4 ball pythons (D:1)
  5 endoplasms
  2 giant cockroaches
  A goblin (D:1)
  3 hobgoblins
  4 jackals (D:3)
  A quokka (D:1)
  A bat (D:3)
  5 frilled lizards
  2 kobolds
  2 rats
227 creatures vanquished.

Vanquished Creatures (collateral kills)
  A hydra (Lair:4)
  A boulder beetle (Lair:4)
  A two-headed ogre (D:11)
  8 elephants
  3 cane toads
  A rime drake (Lair:4)
  5 komodo dragons
  An ancient zyme (Lair:5)
  11 blink frogs
  A jumping spider (Lair:3)
  17 yaks
  2 basilisks
  A large abomination (Lair:5)
  4 water moccasins
  An acid dragon (D:9)
  5 orc warriors
  4 wolves
  2 bullfrogs
  3 wights
  6 killer bees
  5 small abominations (Lair:5)
  4 howler monkeys
  3 orc priests
  A gnoll bouda (D:8)
  An orc wizard (D:11)
  5 gnolls (D:8)
  15 orcs
112 creatures vanquished.

Vanquished Creatures (others)
  9 battlemagi
  An ancestor (D:6)
  15 fungi
  34 plants
59 creatures vanquished.

Grand Total: 398 creatures vanquished

Notes
Turn   | Place    | Note
-------+----------+-------------------------------------------
     0 | D:1      | Lutefisk the Tengu Air Elementalist began the quest for the
                  | Orb.
     0 | D:1      | Reached XP level 1. HP: 10/10 MP: 4/4
    14 | D:1      | Found Zoywit's Antique Weapon Shop.
    75 | D:1      | Reached skill level 1 in Fighting
   130 | D:1      | Reached XP level 2. HP: 16/16 MP: 4/6
   446 | D:2      | Reached XP level 3. HP: 22/22 MP: 5/7
   455 | D:2      | Reached XP level 4. HP: 27/28 MP: 1/8
   574 | D:2      | Reached skill level 1 in Armour
   678 | D:3      | Learned a level 2 spell: Static Discharge
   711 | D:3      | Found a broken altar of Ashenzari.
   853 | D:4      | Gained mutation: Your magical nature lets you fly swiftly
                  | and evasively. [Tengu growth]
   853 | D:4      | Reached XP level 5. HP: 32/32 MP: 5/9
   866 | D:4      | Learned a level 3 spell: Swiftness
   974 | D:3      | Found a faded altar of an unknown god.
  1007 | D:4      | Found an ancient bone altar of Kikubaaqudgha.
  1049 | D:4      | Found a hazy altar of Hepliaklqana.
  1053 | D:4      | Became a worshipper of Hepliaklqana the Forgotten
  1110 | D:4      | Found a glowing golden altar of the Shining One.
  1243 | D:5      | Entered Level 5 of the Dungeon
  1253 | D:5      | Reached skill level 5 in Air Magic
  1272 | D:5      | Reached XP level 6. HP: 34/37 MP: 8/10
  1297 | D:5      | Reached skill level 6 in Air Magic
  1439 | D:5      | Reached skill level 1 in Throwing
  1439 | D:5      | Reached skill level 1 in Invocations
  1484 | D:5      | Noticed a black bear
  1598 | D:5      | Reached XP level 7. HP: 28/42 MP: 9/11
  1831 | D:6      | Noticed Grinder
  1838 | D:6      | Learned a level 4 spell: Airstrike
  1842 | D:6      | Killed Grinder
  1910 | D:6      | Noticed a steam dragon
  1917 | D:6      | Reached skill level 7 in Air Magic
  1919 | D:6      | Killed a steam dragon
  1920 | D:6      | Reached skill level 8 in Air Magic
  1920 | D:6      | Reached XP level 8. HP: 39/48 MP: 6/13
  1927 | D:6      | Reached * piety under Hepliaklqana
  2081 | D:6      | Reached skill level 5 in Dodging
  2139 | D:6      | Reached skill level 5 in Fighting
  2202 | D:6      | Reached XP level 9. HP: 27/48 MP: 11/15
  2334 | D:7      | Found a shimmering blue altar of Sif Muna.
  2334 | D:7      | Found an opulent altar of Gozag.
  2385 | D:7      | Reached ** piety under Hepliaklqana
  2399 | D:7      | Found a staircase to the Ecumenical Temple.
  2407 | D:7      | Remembered your ancestor Zoran as a battlemage
  2501 | D:7      | Reached skill level 9 in Air Magic
  2724 | D:8      | Found a flagged portal.
  2734 | Bailey   | Entered a bailey
  2751 | Bailey   | Reached skill level 1 in Evocations
  2798 | Bailey   | Reached skill level 5 in Armour
  2877 | Bailey   | Reached skill level 10 in Air Magic
  2900 | Bailey   | Noticed an orc knight
  2963 | Bailey   | Killed an orc knight
  2964 | Bailey   | Reached skill level 5 in Spellcasting
  2964 | Bailey   | Reached XP level 10. HP: 47/53 MP: 2/18
  3060 | D:9      | Found a snail-covered altar of Cheibriados.
  3139 | D:9      | Reached *** piety under Hepliaklqana
  3251 | D:9      | Found a sacrificial altar of Ru.
  3336 | D:9      | Reached skill level 5 in Evocations
  3869 | D:10     | Entered Level 10 of the Dungeon
  3924 | D:10     | Noticed Erica
  3931 | D:10     | Killed Erica
  3935 | D:10     | Reached XP level 11. HP: 23/60 MP: 3/19
  4048 | D:10     | Reached **** piety under Hepliaklqana
  4105 | D:10     | Reached skill level 5 in Invocations
  4208 | D:10     | Found an iron altar of Okawaru.
  4208 | D:10     | Found a hide-covered altar of Uskayaw.
  4472 | D:11     | Noticed a two-headed ogre
  4477 | D:11     | Killed a two-headed ogre
  4487 | D:11     | Found a staircase to the Lair.
  4507 | Lair:1   | Entered Level 1 of the Lair of Beasts
  4511 | Lair:1   | Noticed Sonja
  4601 | D:11     | Found Untateo's Antique Armour Shop.
  4666 | D:11     | Noticed a wizard
  4671 | D:11     | Killed a wizard
  4914 | Lair:1   | Killed Sonja
  5369 | Lair:1   | Reached XP level 12. HP: 46/68 MP: 19/23
  5469 | Lair:1   | Noticed an eight-headed hydra
  5606 | Lair:2   | You are sucked into a shaft and drop 1 floor!
  5662 | Lair:2   | Reached skill level 10 in Dodging
  5773 | Lair:3   | Reached ***** piety under Hepliaklqana
  5809 | Lair:3   | Found a hole to the Spider Nest.
  5868 | Lair:3   | Noticed a death yak
  5869 | Lair:3   | Noticed a death yak
  5873 | Lair:3   | Noticed a death yak
  5874 | Lair:3   | Noticed a death yak
  5882 | Lair:3   | Killed a death yak
  6029 | Lair:2   | Reached skill level 1 in Shields
  6030 | Lair:2   | Reached skill level 10 in Fighting
  6216 | Lair:4   | Noticed a boulder beetle
  6228 | Lair:4   | Killed a boulder beetle
  6301 | Lair:4   | Noticed a six-headed hydra
  6332 | Lair:4   | Reached skill level 11 in Air Magic
  6339 | Lair:4   | Killed a six-headed hydra
  6349 | Lair:4   | Reached skill level 12 in Air Magic
  6349 | Lair:4   | Reached XP level 13. HP: 29/73 MP: 6/26
  6449 | Lair:4   | Found a viscous altar of Jiyva.
  6449 | Lair:4   | Found a staircase to the Slime Pits.
  6472 | Lair:4   | Reached skill level 13 in Air Magic
  6608 | Lair:5   | Entered Level 5 of the Lair of Beasts
  6790 | Lair:5   | Reached skill level 10 in Armour
  7292 | Lair:1   | Slain by an eight-headed hydra

Illustrated notes

Levels and vault maps discovered:
D:1:      minmay_arrival_three_doors, layout_basic, serial_shops,
          nicolae_square_shop, minivault_11
D:2:      layout_loops_ring, grunt_ministairs_3, st_stairs_7
D:3:      kennysheep_six_static_rooms, layout_loops_ring,
          evilmike_ruin_ashenzari, lemuel_tele_altar,
          hellmonk_ecumenical_altar_prayer_group
D:4:      layout_basic, mainiacjoe_overflow_24_doors,
          nicolae_hepliaklqana_hippocampus, nicolae_kikubaaqudgha_miasma_corner,
          minmay_misc_feat_five
D:5:      layout_loops_ring
D:6:      layout_basic, uniq_grinder
D:7:      nicolae_cairo_tiling_large_dashed, layout_cave_pools,
          mainiacjoe_overflow_brackets, nicolae_gozag_seed_capital
D:8:      layout_gridville, enter_bailey_8
D:9:      layout_loops_corners, general_overflow_altar, nicolae_ru_awakened_eye,
          kennysheep_pointless_box
D:10:     layout_loops_ring, gammafunk_temple_overflow_wave, uniq_erica
D:11:     minmay_smoke_and_mirrors, layout_basic, david_lair_shrubbed,
          serial_shops, shop
Lair:1:   layout_chaotic_city, serial_bayou_shore_b, infiniplex_staircase_pool,
          lemuel_fruit_tree, uniq_sonja
Lair:2:   layout_roguey, serial_bayou_lagoon_a, nicolae_quartered_pool_super
Lair:3:   layout_roguey, palyth_hydra_swamp_entry, spider_nest_entry_funnel_web
Lair:4:   layout_misc_corridors, dpeg_slime_entry_enclosed,
          gammafunk_ghost_abyssal_escape, minmay_lair_drake_nest
Lair:5:   hellmonk_lair_end_abyssal_woods, layout_loops_ring

Skill      XL: |  1  2  3  4  5  6  7  8  9 10 11 12 13 |
---------------+----------------------------------------+-----
Fighting       | 1 2 3 4 5 7 9 10 | 10.0
Conjurations   | 2 3 4 |  4.0
Armour         | 1 3 5 7 8 10 | 10.0
Dodging        | 3 4 6 8 9 10 | 10.0
Air Magic      | 5 6 8 10 12 13 | 13.2
Throwing       | 1 |  1.0
Invocations    | 1 2 3 5 |  5.0
Spellcasting   | 3 5 7 8 9 |  9.8
Evocations     | 4 5 6 |  6.0
Shields        | 4 |  4.0
Stealth        | |  2.0

Action                   |  1- 3 |  4- 6 |  7- 9 | 10-12 | 13-15 || total
-------------------------+-------+-------+-------+-------+-------++-------
Melee: Dagger            |    10 |     8 |       |       |       ||    18
       Peck              |     3 |       |     3 |    15 |     3 ||    24
       Kick              |     1 |     1 |     7 |    18 |     4 ||    31
       Falchion          |       |       |     3 |       |       ||     3
       Spear             |       |       |    17 |    41 |    13 ||    71
       Punch             |       |       |       |       |     1 ||     1
Throw: Throwing net      |       |       |     2 |       |       ||     2
       Dart              |       |       |       |     1 |       ||     1
 Cast: Shock             |    31 |    72 |   125 |   104 |    31 ||   363
       Static Discharge  |       |     6 |    12 |    50 |    26 ||    94
       Airstrike         |       |       |    13 |    93 |    64 ||   170
Invok: Recall Ancestor   |       |       |     5 |     4 |     2 ||    11
       Ancestor Life: Ba |       |       |     1 |       |       ||     1
       Idealise          |       |       |       |     3 |     2 ||     5
Evoke: Lightning rod     |       |       |       |       |     3 ||     3
  Use: Potion            |       |     1 |     1 |     2 |       ||     4
       Scroll            |       |       |       |     8 |     1 ||     9
 Stab: Sleeping          |     2 |     2 |       |       |       ||     4
       Distracted        |       |       |       |     1 |     1 ||     2
Armor: Robe              |     2 |     1 |     1 |     5 |     3 ||    12
       Ring mail         |       |       |    10 |     8 |       ||    18
Dodge: Dodged            |     7 |    34 |    38 |   120 |    40 ||   239
